AoeStats
← 17525

Hideout

507096771Analyzed
1v1 RM · 17d ago on Sep 16, 2026· 49m 8s· 2 players
Game mode
Random Map
Map size
Tiny (2 player)
Population
200
Speed
Normal
Resources
Standard
Victory
Conquest
Starting age
Dark Age
Ending age
Imperial Age
RankedLock teamsTeams togetherTeam positionsShared explorationLock speedFull tech treeHidden civsTurbo modeCheats
Victory
Defeat
🇪🇸 Khitans · Spain
399
+14
🇹🇼 Huns · Taiwan
362
-14
17525
10:50 Feudal Age
9:06 Loom
11:28 Horse Collar
17:39 Wheelbarrow
21:14 Castle Age
19:45 Double-Bit Axe
20:22 Bloodlines
23:57 Husbandry
24:29 Bow Saw
24:12 Gold Mining
24:26 Heavy Plow
24:21 Fletching
25:08 Thumb Ring
26:02 Wheelbarrow
26:12 Padded Archer Armor
27:41 Forging
28:21 Gold Shaft Mining
28:05 Hand Cart
29:02 Scale Mail Armor
30:59 Pikeman
31:07 Pikeman
36:38 Squires
36:40 Bodkin Arrow
37:30 Stone Mining
40:44 Leather Archer Armor
41:25 Town Watch
45:12 Imperial Age
42:31 Light Cavalry
47:41 Halberdier
Oklaf74
0:29 Loom
13:38 Feudal Age
14:23 Gold Mining
14:22 Double-Bit Axe
18:16 Wheelbarrow
23:33 Castle Age
21:34 Domestication
26:58 Hand Cart
27:13 Bow Saw
27:39 Pastoralism
28:50 Forging
28:46 Scale Mail Armor
29:37 Scale Barding Armor
32:47 Squires
36:58 Lamellar Armor
38:49 Iron Casting
38:31 Chain Mail Armor
41:05 Chain Barding Armor
45:03 Light Cavalry
45:49 Husbandry
Connection lost

Rejoining the realm…

Still unreachable

The connection could not be restored.

Session expired

The server has moved on; the page needs a fresh start.